 Dungeon Crawl Stone Soup version 0.32-a0-986-ga09f62fbf4 (webtiles) character file.

Game seed: 16405509371054702370

7 bananaken the Trooper (level 2, 0/33 HPs)
             Began as an Oni Delver on Apr 21, 2024.
             Killed from afar by a white imp (7 damage)
             ... with a puff of frost
             ... on level 5 of the Dungeon.
             The game lasted 00:00:33 (40 turns).

bananaken the Trooper (Oni Delver)                    Turns: 40, Time: 00:00:34

Health: 0/33       AC:  3    Str: 15    XL:     2   Next: 0%
Magic:  2/2        EV:  8    Int: 11    God:
Gold:   0          SH:  0    Dex: 10    Spells: 1/1 levels left

rFire   . . .        a - +0 mace
rCold   . . .        (no shield)
rNeg    . . .        b - +0 robe
rPois   .            (helmet restricted)
rElec   .            (no cloak)
rCorr   .            (gloves unavailable)
SInv    .            (boots unavailable)
Will    .....        (no amulet)
Stlth   ++           (no ring)
HPRegen 0.25/turn    (no ring)
MPRegen 0.08/turn

%: no passive effects
@: hasted, very quick
A: large, unfitting armour, horns 1, tough skin 1, double potion healing,
drunken brawling
a: no special abilities


You were on level 5 of the Dungeon.
You visited 1 branch of the dungeon, and saw 1 of its levels.

Inventory:

Hand Weapons
 a - a +0 mace (weapon)
Armour
 b - a +0 robe (worn)
Wands
 g - a wand of digging (3)
Scrolls
 c - a scroll of fog
 e - a scroll of fear


   Skills:
 + Level 4.3 Fighting
 + Level 2.3 Maces & Flails
 - Level 1.7 Dodging
 - Level 3.7 Stealth


You had one spell level left.
You didn't know any spells.
Your spell library was empty.

Dungeon Overview and Level Annotations

Branches:
Dungeon (5/15)             Temple (0/1) D:5

Altars:
Hepliaklqana


Innate Abilities, Weirdness & Mutations

You are too large for most types of armour.
You have a pair of small horns on your head.
You have tough skin. (AC +1)
You gain doubled healing and magic from potions.
Whenever you drink a healing potion, you attack all around you.


Message History

There is an entrance to an ossuary on this level.
Hurry and find it before the portal is buried!
Welcome, bananaken the Oni Delver.
Below lies the Orb of Zot, rumoured to be powerful enough to resurrect a god...
Press ? for a list of commands and other information.
Found a stone staircase leading down.
As you read the scroll of revelation, it crumbles to dust.
You feel aware of your surroundings.
You sensed 6 altars, and 5 shops/portals.
A jelly comes into view.
Found a hazy altar of Hepliaklqana.
The jelly quivers.
A white imp comes into view.
The white imp shouts!
A white imp and a phantom come into view.
The white imp gestures at you. The puff of frost hits you!
You feel yourself speed up.
Found 11 gold pieces.
You thump the white imp! Your headbutt misses the white imp.
The white imp is severely wounded.
The white imp gestures at you. The puff of frost hits you.
You are too injured to fight recklessly!
You closely miss the white imp.
The white imp is severely wounded.
The white imp hits you. The white imp freezes you.
* * * LOW HITPOINT WARNING * * *
You barely miss the white imp.
The white imp is severely wounded.
The white imp laughs crazily.
The white imp barely misses you.
You hit the white imp.
You kill the white imp!
The phantom hits you.
* * * LOW HITPOINT WARNING * * *
The white imp shouts, "Away with thee, thou foppish fat-kidneyed canker-blossom!"
You have reached level 2!
The white imp gestures at you. The puff of frost hits you!
You die...

**,,,,,* ##.#......,,,,,* **,,∩,*
##...*#.##*,**,, *,,,,*
###.#$#.....,,*,* **,,,***
##...#...*#.#*,,,* ***,,,*
#..#.#.#,#..,*,*,* ***,**
#.##...#...*,,,*,, *,,*
#.##5#.#.#,..*,*,* *******,*
#.#..#...*#.#*,,,* ** *,,,,,*,**
#@.#.#.#....,,,*,*
,****,,,,,*,.###..#5..##.##*,**,,
,,,,+,,,,,+,......#.#.......,,,,*
*****,,,,,**#.......##.###.#**,**
*,,,,,,,......#.........,,,,,
*,,,,,,,.....###.###.##*,***,
*,,,,,,......##....###,*,,*,*
*****,,,**.......#####.# *,*<,*,,
,,,,*,,,**,,...,,* #.##*,####,,


You could see a white imp.

Vanquished Creatures
  A white imp (D:5)
1 creature vanquished.

Notes
Turn   | Place    | Note
-------+----------+-------------------------------------------
     0 | D:5      | bananaken the Oni Delver began the quest for the Orb.
     0 | D:5      | Reached XP level 1. HP: 24/24 MP: 1/1
    11 | D:5      | Found a hazy altar of Hepliaklqana.
    11 | D:5      | Noticed a jelly
    20 | D:5      | Noticed a phantom
    30 | D:5      | Reached XP level 2. HP: 5/33 MP: 2/2
    40 | D:5      | Killed from afar by a white imp

Illustrated notes

Levels and vault maps discovered:
D:5:      dreamdust_elfheim, layout_basic, mainiacjoe_overflow_alcove_1,
          chequers_temple_overflow_statue_of_worship,
          nicolae_overflow_crystal_walls, minmay_temple_entry_offerings,
          enter_ossuary_3, minmay_shop_grid_forest,
          nicolae_concentric_dashed_squares_wild

Action                     || total
---------------------------++-------
  Melee: Mace              ||     4
    Use: Scroll            ||     1
         Potion            ||     1
 Armour: Robe              ||     5
  Dodge: Dodged            ||     1

Table legend: (Time is in decaauts)
 A = Elapsed time spent in this place.
 B = Non-inter-level travel time spent in this place.
 C = Inter-level travel time spent in this place.
 D = Time resting spent in this place.
 E = Time spent auto-exploring this place.
 F = Levels seen in this place.
 G = Mean time per level.
                   A        B        C        D        E       F      G
               +--------+--------+--------+--------+--------+-----+--------+
         Total |     35 |     25 |     10 |      0 |      0 |   1 |   35.0 |
       Dungeon |     35 |     25 |     10 |      0 |      0 |   1 |   35.0 |
               +--------+--------+--------+--------+--------+-----+--------+

Top non-repeatable levels by time:
     D:5: 35 daAuts
